 Dungeon Crawl Stone Soup version bcrawl-1.39.1 (webtiles) character file.

Game seed: 3175723910385025674

266016 Galewind the Destroyer (level 10, 77/77 HPs)
             Began as a High Elf Conjurer on July 17, 2023.
             Was an Initiate of Vehumet.
             Quit the game on level 8 of the Dungeon on July 18, 2023.
             The game lasted 00:11:54 (10774 turns).

Galewind the Destroyer (High Elf Conjurer)         Turns: 10774, Time: 00:11:55

Health: 77/77      AC:  4    Str:  7    XL:     10   Next: 58%
Magic:  25/25      EV: 22    Int: 23    God:    Vehumet [......]
Gold:   519        SH:  0    Dex: 18    Spells: 20/29 levels left

rFire    . . .     GDR:     29% h - +0 dagger (venom)
rCold    . . .     SeeInvis .   (no shield)
rNeg     . . .     Gourm    .   a - +0 robe
rPois    .         Faith    .   l - +2 hat
rElec    +         Spirit   .   (no cloak)
rCorr    .         Reflect  .   (no gloves)
MR       ++...                  (no boots)
Stlth    +++.......             v - amulet "Koffostro" {Inacc rElec} (curse)
HPRegen  0.22/turn              t - +4 ring of evasion
MPRegen  0.19/turn              g - ring of protection from magic

@: no status effects
A: obsessive focus, MP-powered wands
a: Renounce Religion


You were on level 8 of the Dungeon.
You worshipped Vehumet.
Vehumet was noncommittal.
You were not hungry.

You visited 2 branches of the dungeon, and saw 9 of its levels.

You collected 519 gold pieces.

Inventory:

Hand Weapons
 h - a +0 dagger of venom (weapon)
Missiles
 F - a throwing net {=f}
Armour
 a - a +0 robe (worn)
 l - a +2 hat (worn)
Jewellery
 g - a ring of protection from magic (right hand)
 t - a +4 ring of evasion (left hand)
 v - the cursed amulet "Koffostro" (around neck) {Inacc rElec}
   (You found it on level 4 of the Dungeon)

   [amulet of inaccuracy]

   It reduces the accuracy of all your attacks.
   It insulates you from electricity.
   It has a curse placed upon it.
 B - a cursed -3 ring of evasion
 D - a +3 amulet of reflection {unknown}
 H - an uncursed ring of protection from cold {unknown}
 I - an uncursed ring of flight {unknown}
Wands
 j - a wand of flame (19)
Scrolls
 b - 3 scrolls of fear
 f - 5 scrolls of enchant weapon
 i - 5 scrolls of identify
 n - a scroll of fog {unknown}
 p - 3 scrolls of revelation
 q - 5 scrolls of remove curse {unknown}
 r - 5 scrolls of immolation {unknown}
 s - 5 scrolls of teleportation {unknown}
 w - 2 scrolls of amnesia {unknown}
 z - a scroll of summoning {unknown}
 E - a scroll of blinking {unknown}
 G - a scroll of torment {unknown}
Potions
 c - a potion of magic
 d - 6 potions of curing
 k - 3 potions of agility {unknown}
 m - a potion of mutation {unknown}
 o - 3 potions of flight {unknown}
 u - 4 potions of degeneration {unknown}
 x - a potion of resistance {unknown}
 y - 2 potions of heal wounds {unknown}
 A - a potion of might {unknown}
 C - 2 potions of lignification {unknown}
Comestibles
 e - 19 rations {!d}


   Skills:
 * Level 6.4 Fighting
 * Level 8.0 Dodging
 + Level 4.3 Stealth
 + Level 10.1 Spellcasting
 + Level 10.4 Conjurations
 - Level 0.1 Invocations


You had 20 spell levels left.
You knew the following spells:

 Your Spells              Type           Power        Failure   Level  Hunger
a - Magic Dart            Conj           ####         1%          1    None
b - Searing Ray           Conj           ######..     1%          2    None
c - Iskenderun's Mystic   Conj           ######..     1%          3    None
d - Ignite Poison         Fire/Tmut/Pois ##......     17%         3    None

Your spell library contained the following spells:

 Spells                   Type           Power        Failure   Level  Hunger
 Sting                    Conj/Pois      ####         1%          1    None
 Dazzling Orbs            Conj/Hex       #####..      1%          3    None
 Slow                     Hex            ##......     5%          1    None
 Fulminant Prism          Conj/Hex       #####.....   6%          4    None
 Ensorcelled Hibernation  Hex/Ice        ##....       9%          2    None
 Poisonous Vapours        Pois/Air       ##....       9%          2    None
 Confuse                  Hex            ##......     17%         3    None
 Tukima's Dance           Hex            ##......     17%         3    None
 Irradiate                Conj/Tmut      #####.....   19%         5    ####...
 Venom Bolt               Conj/Pois      #####.....   19%         5    ####...
 Cause Fear               Hex            ##........   50%         4    None
 Olgreb's Toxic Radiance  Pois           ##.......    50%         4    None
 Summon Scorpions         Summ/Pois      ##......     50%         4    None


Dungeon Overview and Level Annotations

Branches:
Dungeon (8/12)             Temple (1/1) D:6            Lair (0/6) D:8
    Orc: D:8-11

Altars:
Ashenzari
Cheibriados
Dithmenos
Elyvilon
Fedhas
Gozag
Hepliaklqana
Kikubaaqudgha
Lugonu
Makhleb
Nemelex Xobeh
Okawaru
Qazlal
Ru
Sif Muna
Trog
Uskayaw
Vehumet
Wu Jian
Xom
Yredelemnul
Zin
The Shining One
Jiyva

Shops:
D:7 }

Annotations:
D:6 3 runed translucent doors, Cris's ghost, novice GnIE
D:8 3 runed translucent doors, kosoiffoigrumme1174's ghost, novice VSCK


Innate Abilities, Weirdness & Mutations

You can't train low skills.
You expend magic power (3 MP) to strengthen your wands.


Message History

Unknown command.
Casting: Iskenderun's Mystic Blast (safe; 1% risk of failure)
Confirm with . or Enter, or press ? or * to list all spells.
You can't see any susceptible monsters within range! (Use Z to cast anyway.) Unknown command.
You see here 64 poisoned needles.
Found a stone staircase leading up.
Things that are here:
a +0 troll leather armour; a troll corpse You open the door.
There is an open door here.
There is an open door here.
I - a cabochon ring
Found a stone staircase leading up.
No target in view!
Casting: Iskenderun's Mystic Blast (safe; 1% risk of failure)
Confirm with . or Enter, or press ? or * to list all spells.
You can't see any susceptible monsters within range! (Use Z to cast anyway.) Unknown command.
Are you sure you want to abandon this character and quit the game? (Confirm with "yes".)

#### ...# ##################
...# ######........[..(....#
...# #......##############.#
รท..# #......#@....# #....#.#
...# #......#.#<..# #.#.##.#
...######......#.#######.#.##.#
...'....'...>..#.........#.##.#
...######......###########.##.#
....# ####+#.# #.##.# ....####
#.#.###### #.##.# .......#
#.#......# #....# ...[...#
#......#.# #.####


There were no monsters in sight!

Vanquished Creatures
  Joseph (D:7)
  2 trolls (D:8)
  2 slime creatures (D:7)
  4 hippogriffs
  Eustachio (D:5)
  A wyvern (D:7)
  2 orc warriors
  A sky beast (D:8)
  A black bear (D:7)
  2 necrophages
  4 ogres
  A phantom (D:4)
  4 kobold brigands
  3 bullfrogs
  3 centaurs
  2 scorpions
  8 wights
  4 orc priests
  3 electric eels (D:8)
  5 crimson imps
  A bullfrog zombie (D:6)
  5 jellies (D:7)
  A quasit (D:6)
  8 hounds
  8 orc wizards
  3 worker ants
  3 iguanas
  Terence (D:3)
  A killer bee zombie (D:6)
  A hound zombie (D:6)
  A hound skeleton (D:5)
  A worker ant zombie (D:7)
  8 gnolls
  6 adders
  2 shadow imps
  5 oozes
  An adder skeleton (D:7)
  An adder zombie (D:7)
  3 dart slugs
  3 worms (D:2)
  7 leopard geckos
  33 orcs
  5 giant cockroaches
  7 goblins
  9 hobgoblins
  13 jackals
  17 kobolds
  5 quokkas
  5 bats
  4 rats
222 creatures vanquished.

Vanquished Creatures (others)
  2 wolves (D:8)
  An orc (D:4)
  A fungus (D:7)
  5 toadstools (D:7)
9 creatures vanquished.

Grand Total: 231 creatures vanquished

Notes
Turn   | Place    | Note
-------+----------+-------------------------------------------
     0 | D:1      | Galewind the High Elf Conjurer began the quest for the Orb.
     0 | D:1      | Reached XP level 1. HP: 13/13 MP: 4/4
   230 | D:1      | Reached XP level 2. HP: 18/19 MP: 0/6
   322 | D:1      | Learned a level 2 spell: Searing Ray
   472 | D:1      | Reached skill level 5 in Conjurations
   978 | D:2      | Reached XP level 3. HP: 22/24 MP: 4/8
  1967 | D:2      | Found a faded altar of an unknown god.
  2202 | D:3      | Reached XP level 4. HP: 31/31 MP: 5/9
  2296 | D:3      | Learned a level 3 spell: Iskenderun's Mystic Blast
  2723 | D:2      | Reached XP level 5. HP: 19/36 MP: 1/11
  2855 | D:3      | Noticed Terence
  2858 | D:3      | Killed Terence
  3028 | D:3      | Reached skill level 1 in Fighting
  3331 | D:4      | Noticed a phantom
  3449 | D:4      | Killed a phantom
  3450 | D:4      | Reached XP level 6. HP: 36/43 MP: 5/13
  3965 | D:4      | Found a glowing golden altar of the Shining One.
  3968 | D:4      | Noticed an angel
  3986 | D:4      | Found a basalt altar of Yredelemnul.
  3988 | D:4      | Noticed a profane servitor
  4031 | D:4      | Got a scintillating ruby amulet
  4175 | D:4      | Found a snail-covered altar of Cheibriados.
  4379 | D:5      | Entered Level 5 of the Dungeon
  4384 | D:5      | Reached XP level 7. HP: 51/51 MP: 5/15
  4491 | D:4      | Reached skill level 5 in Spellcasting
  4590 | D:5      | Found a shimmering altar of Xom.
  4590 | D:5      | Found a shimmering altar of Xom.
  4591 | D:5      | Found a shimmering altar of Xom.
  5449 | D:5      | Found an ancient bone altar of Kikubaaqudgha.
  5489 | D:5      | Reached XP level 8. HP: 58/58 MP: 7/18
  5495 | D:5      | Noticed Eustachio
  5524 | D:5      | Killed Eustachio
  6132 | D:5      | Identified the cursed amulet "Koffostro" {Inacc rElec} (You
                  | found it on level 4 of the Dungeon)
  6171 | D:6      | Reached skill level 5 in Dodging
  6394 | D:6      | Noticed a hippogriff
  6396 | D:6      | Found a shadowy altar of Dithmenos.
  6402 | D:6      | Killed a hippogriff
  6979 | D:6      | Found a staircase to the Ecumenical Temple.
  7088 | Temple   | Entered the Ecumenical Temple
  7388 | D:6      | Reached XP level 9. HP: 64/66 MP: 4/21
  7690 | D:6      | Found a runed translucent gate.
  7714 | D:6      | Found a runed translucent gate.
  7715 | D:6      | Found a runed translucent gate.
  7715 | D:6      | Noticed Cris's ghost (novice GnIE)
  7824 | D:7      | Found Kehuseti's Gadget Emporium.
  8078 | D:6      | Reached skill level 5 in Fighting
  8438 | D:7      | Noticed Joseph
  8531 | D:7      | Killed Joseph
  9095 | D:7      | Reached XP level 10. HP: 76/76 MP: 14/24
  9683 | D:7      | Reached skill level 10 in Conjurations
 10195 | D:8      | Found a staircase to the Lair.
 10277 | D:8      | Reached skill level 10 in Spellcasting
 10281 | D:8      | Learned a level 3 spell: Ignite Poison
 10392 | D:8      | Found a sacrificial altar of Ru.
 10480 | D:8      | Found a shadowy altar of Dithmenos.
 10481 | D:8      | Found a sparkling altar of Nemelex Xobeh.
 10493 | D:8      | Found an opulent altar of Gozag.
 10493 | D:8      | Found a stormy altar of Qazlal.
 10493 | D:8      | Found a radiant altar of Vehumet.
 10496 | D:8      | Found a glowing silver altar of Zin.
 10499 | D:8      | Found a shimmering blue altar of Sif Muna.
 10505 | D:8      | Became a worshipper of Vehumet
 10591 | D:8      | Found a runed translucent gate.
 10591 | D:8      | Found a runed translucent gate.
 10591 | D:8      | Found a runed translucent gate.
 10593 | D:8      | Found a viscous altar of Jiyva.
 10593 | D:8      | Noticed kosoiffoigrumme1174's ghost (novice VSCK)
 10774 | D:8      | Quit the game

Skill      XL: |  1  2  3  4  5  6  7  8  9 10 |
---------------+-------------------------------+-----
Conjurations   | 5 6 7 8 9 10 | 10.4
Spellcasting   | 3 4 6 7 9 10 | 10.1
Fighting       | 1 2 3 4 5 6 |  6.4
Stealth        | 3 4 |  4.3
Dodging        | 3 4 5 7 8 |  8.0
Invocations    | |  0.1

Action                   |  1- 3 |  4- 6 |  7- 9 | 10-12 || total
-------------------------+-------+-------+-------+-------++-------
Melee: Unarmed           |    10 |       |       |       ||    10
       Dagger            |       |     8 |   104 |    38 ||   150
 Cast: Magic Dart        |    94 |    29 |     4 |       ||   127
       Searing Ray       |     4 |     5 |     1 |     5 ||    15
       Iskenderun's Myst |       |    45 |   191 |    64 ||   300
Evoke: Wand              |       |       |     1 |     8 ||     9
  Use: Scroll            |       |       |     3 |       ||     3
       Potion            |       |       |     1 |       ||     1
  Eat: Chunk             |     5 |     4 |    26 |     9 ||    44
       Ration            |       |     3 |       |       ||     3
Armor: Robe              |     6 |     3 |    50 |    10 ||    69
Dodge: Dodged            |    26 |    33 |   213 |   104 ||   376
